 Dungeon Crawl Stone Soup version 0.30.0-13-g156ef70053 (webtiles) character file.

Game seed: 12922549128515813445

1120 GnoME the Ruffian (level 8, -3/81 HPs)
             Began as a Troll Delver on May 18, 2023.
             Was an Initiate of Qazlal.
             Slain by a killer bee (7 damage)
             ... on level 6 of the Dungeon.
             The game lasted 00:09:15 (4924 turns).

GnoME the Ruffian (Troll Delver)                    Turns: 4924, Time: 00:09:15

Health: -3/81      AC:  4    Str: 23    XL:     8   Next: 12%
Magic:  7/7        EV: 10    Int:  6    God:    Qazlal [......]
Gold:   405        SH:  0    Dex: 11    Spells: 7/7 levels left

rFire   . .          .
                       - Unarmed
rCold   . . .        (no shield)
rNeg    . . .        a - +0 robe
rPois   .            (helmet restricted)
rElec   .            s - scarf {shadows}
rCorr   .            (gloves unavailable)
SInv    .            (boots unavailable)
Will    +....        F - amulet of the acrobat
Stlth   ++           E - +4 ring of slaying
HPRegen 1.13/turn    y - ring of willpower
MPRegen 0.10/turn

%: acrobat
@: lethally poisoned (-3 -> -4), flying
A: large, unfitting armour, claws 3, regeneration 1, shaggy fur 1, tough skin 1
a: Renounce Religion


You were on level 6 of the Dungeon.
You worshipped Qazlal.
Qazlal was noncommittal.
You visited 2 branches of the dungeon, and saw 8 of its levels.

You collected 405 gold pieces.

Inventory:

Missiles
 k - 10 poisoned darts (quivered)
 x - 3 large rocks
Armour
 a - a +0 robe (worn)
 e - an orb of guile
   (You found it on level 3 of the Dungeon)
 s - a scarf of shadows (worn)
   (You found it on level 1 of the Dungeon)
Jewellery
 y - a ring of willpower (right claw)
   (You found it on level 4 of the Dungeon)
 E - a +4 ring of slaying (left claw)
   (You found it on level 6 of the Dungeon)
 F - an amulet of the acrobat (around neck)
   (You found it on level 6 of the Dungeon)
Wands
 f - a wand of digging (3)
 B - a wand of paralysis (11)
   (You found it on level 5 of the Dungeon)
 C - a wand of light (22)
   (You found it on level 5 of the Dungeon)
Scrolls
 b - 3 scrolls of fog
 c - 3 scrolls of magic mapping
 d - 2 scrolls of fear
 g - a scroll of poison {unknown}
 h - 2 scrolls of enchant weapon {unknown}
 i - 4 scrolls of immolation {unknown}
 m - 3 scrolls of enchant armour {unknown}
 o - 5 scrolls of identify {unknown}
 q - 5 scrolls of teleportation {unknown}
 r - 2 scrolls of blinking {unknown}
 v - a scroll of silence {unknown}
 w - a scroll of noise {unknown}
 A - a scroll of vulnerability {unknown}
Potions
 l - a potion of lignification {unknown}
 n - a potion of haste
 p - a potion of ambrosia {unknown}
 t - a potion of heal wounds {unknown}
 u - a potion of might {unknown}
 z - a potion of mutation {unknown}
 D - 2 potions of cancellation {unknown}


   Skills:
 * Level 5.6 Fighting
 + Level 3.8 Dodging
 - Level 2.7 Stealth
 * Level 6.3 Unarmed Combat


You had 7 spell levels left.
You didn't know any spells.
Your spell library contained the following spells:

 Spells                   Type           Power      Damage    Failure   Level
 Blink                    Tloc           0%         N/A       58%         2
 Lesser Beckoning         Tloc           0%         N/A       58%         2
 Momentum Strike          Conj/Tloc      0%         3d8       58%         2


Dungeon Overview and Level Annotations

Branches:
Dungeon (7/15)             Temple (1/1) D:6

Altars:
Ashenzari
Cheibriados
Dithmenos
Elyvilon
Fedhas
Gozag
Kikubaaqudgha
Makhleb
Nemelex Xobeh
Okawaru
Qazlal
Ru
Sif Muna
Trog
Uskayaw
Vehumet
Wu Jian
Xom
Yredelemnul
Zin
The Shining One

Shops:
D:2 :   D:6 (

Annotations:
D:3 1 runed translucent door, AlmostDecent's ghost, amateur GrEE
D:5 3 runed translucent doors, Aj7335's ghost, amateur MiBe; AverageBear's ghost, novice OpFi; browni3141's ghost, novice MiFi


Innate Abilities, Weirdness & Mutations

You are too large for most types of armour.
You have claws for hands.
Your natural rate of healing is unusually fast.
You are covered in fur. (AC +1)
You have tough skin. (AC +1)


Message History

A shadow imp comes into view.
Health restored: 81 A shadow imp is nearby!
A shadow imp is nearby!
A shadow imp is nearby!
The shadow imp shouts!
You hear a croak.
The shadow imp completely misses you.
A bullfrog comes into view.
You mangle the shadow imp!!
You kill the shadow imp!
Qazlal accepts your kill.
Found a ring mail.
The bullfrog misses you.
You mangle the bullfrog!!
The bullfrog is almost dead.
The bullfrog hits you.
You take 6 damage, and have 75/81 hp.
You claw the bullfrog!
You kill the bullfrog!
Qazlal accepts your kill.
No target in view!
No target in view!
No target in view!
No target in view!
No target in view!
No target in view!
No target in view!
Key pressed, stopping explore.
r - 2 scrolls labelled HYGULI IKIMU (gained 1) Key pressed, stopping explore.
No target in view!
Health restored: 81 You now have 405 gold pieces (gained 13).
There is a stone staircase leading down here.
Key pressed, stopping explore.
There is an entrance to Ysia's Weapon Shop here.
There is a stone staircase leading down here.
Key pressed, stopping explore.
Done exploring.
Done exploring.
Done exploring.
Done exploring.
Done exploring.
Search for what [Enter for "."]? .
(D) Dungeon (T) Temple
Where to? (Enter - D:6, ? - help)
What level of the Dungeon? (default 1, ? - help)
There is a stone staircase leading down here.
You climb downwards.
You hear the hiss of flowing sand.
There is an entrance to an ossuary on this level.
Hurry and find it before the portal is buried!
There is a stone staircase leading up here.
The killer bee buzzes angrily. x2; You hear an angry buzzing noise. x2
A killer bee comes into view.
Something stings the bush but does no damage.
A killer bee comes into view.
The killer bee stings you.
The killer bee stings you but does no damage.
The killer bee barely misses you.
You climb upwards.
There is a stone staircase leading down here.
You miss the killer bee.
The killer bee stings you but does no damage.
The killer bee closely misses you.
You claw the killer bee!
The killer bee is severely wounded.
The killer bee stings you.
The killer bee stings you but does no damage.
The killer bee stings you.
You are poisoned.
The killer bee poisons you!
The killer bee stings you but does no damage.
You take 6 damage, and have 75/81 hp.
You barely miss the killer bee.
The killer bee is severely wounded.
You feel sick. The killer bee barely misses you.
The killer bee closely misses you. The killer bee misses you.
The killer bee closely misses you.
You take 1 damage, and have 74/81 hp.
You scratch the killer bee.
The killer bee is almost dead.
You feel sick. The killer bee stings you. The killer bee barely misses you.
The killer bee misses you. The killer bee stings you.
You are more poisoned.
The killer bee poisons you!
You take 7 damage, and have 67/81 hp.
You mangle the killer bee!!
You kill the killer bee!
Qazlal accepts your kill.
You feel very sick. The killer bee barely misses you.
The killer bee closely misses you.
You take 2 damage, and have 65/81 hp.
You scratch the killer bee.
The killer bee is moderately wounded.
You feel sick. The killer bee stings you.
You take 7 damage, and have 58/81 hp.
You closely miss the killer bee.
The killer bee is moderately wounded.
You feel sick. The killer bee stings you.
You are more poisoned.
The killer bee poisons you! The killer bee stings you!
You take 11 damage, and have 47/81 hp.
You closely miss the killer bee.
The killer bee is moderately wounded.
You feel very sick. The killer bee barely misses you.
The killer bee stings you!
You take 11 damage, and have 36/81 hp.
You are too injured to fight recklessly!
You are too injured to fight recklessly!
You miss the killer bee.
The killer bee is moderately wounded.
You feel very sick. The killer bee stings you.
The killer bee barely misses you.
You take 8 damage, and have 28/81 hp.
You closely miss the killer bee.
The killer bee is moderately wounded.
You feel sick.
The killer bee stings you but does no damage.
The killer bee closely misses you.
You take 1 damage, and have 27/81 hp.
You closely miss the killer bee.
The killer bee is moderately wounded.
You feel sick.
The killer bee stings you but does no damage.
You take 1 damage, and have 26/81 hp.
You miss the killer bee.
The killer bee is moderately wounded.
You feel sick. The killer bee barely misses you. The killer bee stings you.
* * * LOW HITPOINT WARNING * * *
You take 3 damage, and have 23/81 hp.
You closely miss the killer bee.
The killer bee is moderately wounded.
You feel sick. The killer bee stings you!
* * * LOW HITPOINT WARNING * * *
You are more poisoned.
The killer bee poisons you! The killer bee barely misses you.
You take 9 damage, and have 14/81 hp.
You claw the killer bee!
The killer bee is severely wounded.
You feel sick.
The killer bee stings you but does no damage.
The killer bee stings you!
* * * LOW HITPOINT WARNING * * *
You take 9 damage, and have 5/81 hp.
It was a potion of flight.
You feel very buoyant.
You fly up into the air.
You feel sick.
The killer bee stings you but does no damage.
The killer bee stings you!
You die...

###### ### #....# ##.## #.##.#
##...## #.##.# ##.....##
#.##.###.......##
#.##.##.........##
#.##.#...........##
#.##..............##
#########.##@..............##
#..[......#†.y..............#
##.########...................
#.....#..#......÷.............
#..##.#.......................
#..##.#...............†.......
#..##.#..#................[...
#..##...<#....................
#..#######.#.................#


You could see a killer bee.

Vanquished Creatures
  2 black bears
  A centaur (D:3)
  2 bullfrogs
  3 scorpions
  A killer bee (D:6)
  5 hounds
  A sleepcap (D:4)
  2 orc priests (D:4)
  2 iguanas
  An orc wizard (D:4)
  7 adders
  A shadow imp (D:6)
  An ufetubus (D:6)
  A worm (D:2)
  4 dart slugs (D:4)
  16 orcs
  8 endoplasms
  3 giant cockroaches
  8 goblins
  4 hobgoblins
  A quokka (D:2)
  6 ball pythons
  6 bats
  4 frilled lizards
  7 kobolds
  4 rats
101 creatures vanquished.

Notes
Turn   | Place    | Note
-------+----------+-------------------------------------------
     0 | D:5      | GnoME the Troll Delver began the quest for the Orb.
     0 | D:5      | Reached XP level 1. HP: 22/22 MP: 0/0
    52 | D:5      | Reached XP level 2. HP: 18/29 MP: 1/1
   116 | D:4      | Reached XP level 3. HP: 31/37 MP: 2/2
   190 | D:4      | Noticed a black bear
   264 | D:3      | Noticed a centaur
   271 | D:3      | Killed a centaur
   272 | D:3      | Reached skill level 3 in Unarmed Combat
   272 | D:3      | Reached XP level 4. HP: 22/45 MP: 3/3
   629 | D:2      | Reached XP level 5. HP: 53/53 MP: 4/4
   737 | D:2      | Found Xosisin's Book Boutique.
  1191 | D:1      | Found a faded altar of an unknown god.
  2210 | D:3      | Found a runed translucent door.
  2210 | D:3      | Noticed AlmostDecent's ghost (amateur GrEE)
  2643 | D:3      | Found a shadowy altar of Dithmenos.
  2813 | D:4      | Reached skill level 4 in Unarmed Combat
  2890 | D:4      | Reached XP level 6. HP: 58/62 MP: 5/5
  3157 | D:4      | Found a shimmering blue altar of Sif Muna.
  3157 | D:4      | Found a glowing silver altar of Zin.
  3210 | D:4      | Reached skill level 5 in Unarmed Combat
  3210 | D:4      | Reached XP level 7. HP: 65/71 MP: 6/6
  3661 | D:5      | Identified the +5 short sword of Growth {freeze, Str+3}
  3712 | D:5      | Reached skill level 5 in Fighting
  3748 | D:5      | Found a runed translucent gate.
  3749 | D:5      | Found a runed translucent gate.
  3900 | D:5      | Found a runed translucent gate.
  3907 | D:5      | Noticed AverageBear's ghost (novice OpFi)
  3907 | D:5      | Noticed Aj7335's ghost (amateur MiBe)
  3907 | D:5      | Noticed browni3141's ghost (novice MiFi)
  4126 | D:6      | Found a staircase to the Ecumenical Temple.
  4155 | Temple   | Entered the Ecumenical Temple
  4301 | Temple   | Became a worshipper of Qazlal Stormbringer
  4319 | D:6      | Reached skill level 6 in Unarmed Combat
  4365 | D:6      | Found Ysia's Weapon Shop.
  4617 | D:6      | Reached XP level 8. HP: 77/81 MP: 7/7
  4924 | D:6      | HP: 4/81 [poisoned by a killer bee]
  4924 | D:6      | Slain by a killer bee

Illustrated notes

Levels and vault maps discovered:
D:1:      dpeg_arrival_connections, layout_basic, serial_corexii_hall,
          corexii_hall_statues_x, chequers_hall_statues_wall_a,
          corexii_hall_statues_u, corexii_hall_statues_deadend,
          shapermc_ecumenical_altar_flowoftime
D:2:      layout_loops_ring, serial_shops, nicolae_shop_stone
D:3:      layout_loops_corners, lemuel_coloured_pillars_altar,
          hellmonk_ghost_happy_afterlife
D:4:      wad_river_or_something, layout_loops_ring,
          gammafunk_temple_overflow_elements
D:5:      layout_rooms, gammafunk_ghost_cemetery
D:6:      layout_basic, minmay_temple_entry_glass, serial_shops, shop
D:7:      layout_cave_pods, serial_shops, nicolae_shop_bloodbath_and_beyond,
          serial_park, serial_park_avenue1, serial_park_tiny_pond,
          serial_park_tiny_pond, serial_park_tiny_2, serial_park_square1
          [serial_park_minivault_5x5_3], enter_ossuary_1
Temple:   regret_index_temple_chain_breaker

Skill      XL: |  1  2  3  4  5  6  7 |
---------------+----------------------+-----
Fighting       | 3 4 5 |  5.6
Dodging        | 2 3 |  3.8
Unarmed Combat | 3 4 5 6 |  6.3
Stealth        | |  2.7

Action                     |  1- 3 |  4- 6 |  7- 9 || total
---------------------------+-------+-------+-------++-------
  Melee: Unarmed           |    35 |   157 |    59 ||   251
         Punch             |       |     3 |     1 ||     4
    Use: Potion            |     1 |       |     1 ||     2
   Stab: Sleeping          |     1 |    15 |     3 ||    19
 Armour: Robe              |    11 |    33 |    16 ||    60
  Dodge: Dodged            |    20 |    64 |    39 ||   123
